AoeStats
← DKing

Arena

509685912Analyzed
4v4 RM · 5d ago on Sep 27, 2026· 40m 47s· 8 players
Game mode
Random Map
Map size
Large (8 player)
Population
200
Speed
Normal
Resources
Standard
Victory
Conquest
Starting age
Dark Age
Ending age
Imperial Age
RankedLock teamsTeams togetherTeam positionsShared explorationLock speedFull tech treeHidden civsTurbo modeCheats
Victory
Defeat
🇵🇹 Goths · Portugal
1249
+15
🇳🇱 Burmese · Netherlands
1242
+15
🇩🇪 Italians · Germany
1241
+15
🇲🇦 Spanish · Morocco
1219
+16
🇩🇪 Celts · Germany
1280
-18
1267
-17
🇦🇷 Varangians · Argentina
1168
-13
🇹🇷 Koreans · Türkiye
1158
-13
DeepBlue_
9:49 Feudal Age
16:05 Castle Age
15:53 Double-Bit Axe
15:49 Horse Collar
16:54 Loom
17:25 Bow Saw
17:20 Fletching
23:01 Padded Archer Armor
29:28 Wheelbarrow
29:36 Gold Mining
29:49 Heavy Plow
32:15 Hand Cart
35:25 Imperial Age
33:21 Stone Mining
38:00 Two-Man Saw
37:40 Fortified Wall
40:44 Chemistry
40:50 Stone Shaft Mining
41:04 Leather Archer Armor
Paarradisel
10:38 Feudal Age
14:23 Castle Age
12:23 Horse Collar
12:31 Double-Bit Axe
14:03 Gold Mining
23:01 Fletching
25:00 Bow Saw
29:58 Wheelbarrow
29:09 Town Watch
30:07 Murder Holes
32:51 Imperial Age
31:08 Bodkin Arrow
34:18 Bracer
35:53 Chemistry
35:14 Ballistics
34:51 Murder Holes
36:44 Two-Man Saw
35:45 Heavy Plow
40:59 Pirotechnia
DKing
2:35 Loom
11:14 Feudal Age
12:48 Double-Bit Axe
15:10 Castle Age
13:35 Horse Collar
18:46 Bow Saw
23:51 Wheelbarrow
23:24 Heavy Plow
23:19 Town Watch
24:26 Gold Mining
24:21 Pikeman
25:02 Squires
25:09 Scale Mail Armor
25:37 Hand Cart
27:39 Anarchy
28:01 Fletching
31:49 Imperial Age
30:28 Forging
33:33 Chain Mail Armor
33:54 Iron Casting
33:15 Elite Huskarl
33:45 Man-at-Arms
34:51 Perfusion
37:35 Blast Furnace
37:10 Padded Archer Armor
36:59 Halberdier
39:40 Leather Archer Armor
39:47 Conscription
Deathiscoming
9:06 Feudal Age
15:27 Castle Age
13:51 Horse Collar
17:58 Heavy Plow
18:30 Fervor
22:08 Sanctity
22:24 Town Watch
25:04 Wheelbarrow
24:15 Loom
24:42 Gold Mining
26:23 Redemption
28:15 Ballistics
31:14 Imperial Age
29:01 Hand Cart
29:59 Gold Shaft Mining
29:15 Stone Mining
30:15 Devotion
30:18 Town Patrol
30:38 Fortified Wall
30:39 Masonry
32:35 Conscription
32:37 Scale Barding Armor
32:52 Husbandry
33:02 Bloodlines
33:00 Howdah
33:01 Manipur Cavalry
32:31 Elite Battle Elephant
33:04 Treadmill Crane
33:54 Architecture
34:25 Chemistry
33:41 Padded Archer Armor
34:09 Chain Barding Armor
34:31 Elite Arambai
35:10 Fletching
35:33 Forging
35:25 Scale Mail Armor
36:04 Siege Engineers
35:23 Pikeman
36:06 Squires
35:52 Gambesons
36:29 Chain Mail Armor
37:43 Iron Casting
37:05 Bodkin Arrow
37:49 Plate Mail Armor
41:05 Blast Furnace
40:07 Bracer
40:08 Man-at-Arms
40:33 Arson
Lt.Col.Sheppard
10:34 Feudal Age
8:51 Loom
15:07 Castle Age
13:14 Double-Bit Axe
16:53 Horse Collar
17:53 Heavy Plow
28:18 Imperial Age
25:54 Gold Mining
26:00 Stone Mining
26:44 Fortified Wall
27:56 Elite Skirmisher
28:41 Fletching
28:51 Padded Archer Armor
29:02 Forging
28:52 Scale Mail Armor
28:25 Capped Ram
29:47 Wheelbarrow
28:57 Town Watch
28:56 Man-at-Arms
29:25 Siege Ram
31:06 Leather Archer Armor
32:20 Chemistry
31:27 Long Swordsman
31:52 Gambesons
32:04 Bodkin Arrow
31:53 Pikeman
33:25 Chain Mail Armor
33:02 Halberdier
33:28 Two-Handed Swordsman
33:53 Arson
36:01 Bow Saw
36:29 Plate Mail Armor
36:06 Siege Engineers
36:51 Hand Cart
36:33 Champion
[WWW - KT] Er MaRdiTho!
9:37 Feudal Age
13:35 Castle Age
12:31 Double-Bit Axe
13:23 Horse Collar
14:46 Bow Saw
20:41 Heavy Plow
22:36 Wheelbarrow
24:21 Gold Mining
24:21 Loom
25:01 Hand Cart
29:07 Imperial Age
28:50 Bloodlines
28:51 Husbandry
28:59 Scale Barding Armor
29:05 Forging
28:51 Town Watch
29:32 Forging
29:13 Heavy Camel Rider
30:17 Chain Barding Armor
30:35 Gold Shaft Mining
31:17 Stone Mining
33:00 Chemistry
32:21 Ballistics
32:26 Scale Mail Armor
32:16 Fletching
33:33 Conscription
33:14 Shatagni
33:22 Grand Trunk Road
36:04 Padded Archer Armor
36:40 Iron Casting
38:25 Imperial Camel Rider
39:52 Light Cavalry
40:12 Elite Skirmisher
Zhukov
10:35 Feudal Age
16:15 Castle Age
14:47 Double-Bit Axe
22:03 Fletching
24:48 Loom
banjin
10:29 Feudal Age
14:22 Castle Age
12:17 Double-Bit Axe
14:17 Loom
15:36 Bow Saw
23:55 Gold Mining
23:51 Horse Collar
24:28 Scale Barding Armor
27:28 Wheelbarrow
29:18 Chain Barding Armor
34:25 Imperial Age
32:04 Heavy Plow
32:40 Town Watch
32:48 Fletching
32:58 Padded Archer Armor
32:57 Stone Mining
33:27 Bodkin Arrow
34:58 Leather Archer Armor
35:04 Hand Cart
35:03 Scale Mail Armor
35:14 Forging
36:44 Plate Barding Armor
Connection lost

Rejoining the realm…

Still unreachable

The connection could not be restored.

Session expired

The server has moved on; the page needs a fresh start.